 Dungeon Crawl Stone Soup version 0.25-a0-292-gaa31f046c4 (webtiles) character file.

Game seed: 1353808542309123312, levelgen mode: deterministic

21 CheeseeCupcake the Covered (level 2, -1/19 HPs)
             Began as a Gargoyle Fighter on Dec 15, 2019.
             Slain by Sigmund
             ... wielding a +0 scythe
              (4 damage)
             ... on level 2 of the Dungeon.
             The game lasted 00:02:16 (465 turns).

CheeseeCupcake the Covered (Gargoyle Fighter)        Turns: 465, Time: 00:02:17

Health: -1/19      AC:  9    Str: 19    XL:     2   Next: 87%
Magic:  2/2        EV:  7    Int:  8    God:
Gold:   41         SH:  9    Dex:  9    Spells: 1/1 levels left

rFire    . . .     SeeInvis .   a - +0 flail
rCold    . . .     Gourm    .   c - +0 shield
rNeg     + . .     Faith    .   b - +0 scale mail
rPois    ∞         Spirit   .   (no helmet)
rElec    +         Reflect  .   (no cloak)
rCorr    .         Harm     .   (no gloves)
MR       .....                  (no boots)
Stlth    ..........             (no amulet)
HPRegen  0.06/turn              (no ring)
MPRegen  0.08/turn              (no ring)

@: no status effects
A: negative energy resistance 1, electricity resistance, unbreathing,
petrification resistance, rot immunity, AC +2
a: no special abilities


You were on level 2 of the Dungeon.
You were not hungry.

You visited 1 branch of the dungeon, and saw 2 of its levels.

You collected 41 gold pieces.

Inventory:

Hand Weapons
 a - a +0 flail (weapon)
Armour
 b - a +0 scale mail (worn)
 c - a +0 shield (worn)
Scrolls
 i - a scroll of amnesia {unknown}
Potions
 d - 2 potions of might
 e - a potion of brilliance {unknown}
 h - a potion of degeneration {unknown}
Comestibles
 f - 2 rations


   Skills:
 - Level 3.2 Fighting
 * Level 2.9 Maces & Flails
 + Level 3.6 Armour
 - Level 3.2 Shields


You had one spell level left.
You didn't know any spells.
Your spell library was empty.

Dungeon Overview and Level Annotations

Branches:
Dungeon (1/15)

Altars:

Annotations:
D:2 Sigmund


Innate Abilities, Weirdness & Mutations

You are resistant to torment.
Your stone body is resilient. (AC +2)
You are immune to poison.
You resist negative energy. (rN+)
You are resistant to electric shocks. (rElec)
You can survive without breathing.
You are immune to petrification.
You are immune to rotting.


Message History

You block something's attack.
You miss something.
Your shield and scale mail prevent you from hitting something.
Something hits you but does no damage.
You miss something. Something hits you.
* * * LOW HITPOINT WARNING * * *
You closely miss something.
You hear some strange, mumbled words.
You are confused.
You bump into the rock wall.
Something hits you.
* * * LOW HITPOINT WARNING * * *
All of the chunks of flesh in your inventory have rotted away.
You closely miss something. Something completely misses you.
You miss something. Something hits you but does no damage.
You miss something.
You feel less confused. Something hits you but does no damage.
You miss something. You hit something but do no damage. Something hits you.
You die...

...{ #..........# .... ...
#........### .... ..
#.....#..# ... ##.. ####
#........# #.####..
..#.#........# #....#).
#.#.#........# ######.#.#
#.#.#..#.....# .......#[#
#.#.#.....#.##
######.#.#######@#.#..#..#.#
#.........#{#.##.##.#
#...........#.#..# ##
#..#####........## #..#
#.........#
########..†......+
#...............##
#.######.....>..#
#####.....#


There were no monsters in sight!

Vanquished Creatures
  A dart slug (D:1)
  A leopard gecko (D:1)
  A giant cockroach (D:2)
  4 goblins (D:1)
  3 hobgoblins
  A ball python (D:2)
  A frilled lizard (D:1)
  3 kobolds
  3 rats (D:1)
18 creatures vanquished.

Notes
Turn   | Place    | Note
-------+----------+-------------------------------------------
     0 | D:1      | CheeseeCupcake the Gargoyle Fighter began the quest for the
                  | Orb.
     0 | D:1      | Reached XP level 1. HP: 14/14 MP: 1/1
   214 | D:1      | Reached XP level 2. HP: 19/19 MP: 2/2
   357 | D:1      | You fall into a shaft and drop 1 floor!
   429 | D:2      | Noticed Sigmund
   465 | D:2      | Slain by Sigmund

Levels and vault maps discovered:
D:1:      minmay_arrival_radiant_lines, layout_basic, minmay_close_crescents
D:2:      layout_basic, okawaru_altar_gauntlet_db, uniq_natasha, uniq_sigmund

Action                   || total
-------------------------++-------
Melee: Flail             ||    78
Armor: Scale mail        ||    37
Dodge: Dodged            ||    16
Block: Shield            ||    29

Table legend:
 A = Non-vault XP
 B = Vault XP
 C = Vault XP percentage of total XP
 D = Non-vault monster count
 E = Vault monster count
 F = Vault count percentage of total count
                 A         B        C        D         E       F
            +---------+---------+-------+---------+---------+-------
      Total |      31 |       0 |   0.0 |      18 |       0 |   0.0
            +---------+---------+-------+---------+---------+-------
        D:1 |      25 |       0 |   0.0 |      14 |       0 |   0.0
        D:2 |       6 |       0 |   0.0 |       4 |       0 |   0.0
            +---------+---------+-------+---------+---------+-------
